General information
- name: BNet
- type: Ladder team game (AT/RT)
- host: Battle.net
- saver: i-killed-mordin
map: Friends
- players: 8
- length: 31:05
- speed: Fast
- version: 1.26 W3XP
- replay type: Public
» download(143 KB)
Players
team 1 (loser)
Militia.Men (
pink | 43 APM | 1335 actions | 31:02)
7 Archmage
3 Summon Water Elemental
3 Brilliance Aura
1 Mass Teleport
» actions
| Assign group hotkey | 67 | |
| Basic commands | 25 | |
| Build / train | 88 | |
| Enter build submenu | 26 | |
| Enter hero's abilities submenu | 7 | |
| Give item / drop item | 1 | |
| Remove unit from queue | 2 | |
| Right click | 562 | |
| Select / deselect | 389 | |
| Select group hotkey | 71 | |
| Use ability | 97 | |
1335 total
» units
| Peasant | 33 | |
| Footman | 9 | |
| Gryphon Rider | 4 | |
| Dragonhawk Rider | 3 | |
| Goblin Zeppelin | 1 | |
50 total
» upgrades
| Defend | 1 | |
| Lumber Harvesting | 2 | |
| Masonry | 1 | |
| Cloud | 1 | |
| Swords | 3 | |
| Armor | 3 | |
| Storm Hammers | 1 | |
| Animal War Training | 1 | |
13 total
» buildings
| Altar of Kings | 1 | |
| Barracks | 1 | |
| Farm | 13 | |
| Keep | 1 | |
| Arcane Vault | 1 | |
| Lumber Mill | 1 | |
| Castle | 1 | |
| Town Hall | 1 | |
| Gryphon Aviary | 4 | |
| Blacksmith | 2 | |
26 total
» build order
00:39 Altar of Kings
00:42 Barracks
00:55 Farm
01:07 Farm
01:09 Farm
01:13 Farm
02:26 Farm
03:52 Keep
03:55 Arcane Vault
04:54 Farm
04:58 Lumber Mill
07:48 Castle
13:02 Town Hall
14:11 Gryphon Aviary
14:12 Gryphon Aviary
14:14 Gryphon Aviary
14:26 Gryphon Aviary
15:58 Farm
16:07 Farm
16:09 Farm
16:53 Blacksmith
16:56 Blacksmith
17:29 Farm
22:41 Farm
22:41 Farm
» items
| Scroll of Regeneration | 6 | |
| Book of the Dead | 1 | |
| Potion of Healing | 2 | |
| Scroll of Town Portal | 1 | |
| Ivory Tower | 3 | |
13 total

»
umustbsharkbait (
blue | 39 APM | 754 actions | 19:21)
2 Demon Hunter
1 Immolation
1 Evasion
1 Paladin
1 Divine Shield
» actions
| Assign group hotkey | 17 | |
| Basic commands | 33 | |
| Build / train | 101 | |
| Enter build submenu | 35 | |
| Enter hero's abilities submenu | 3 | |
| Remove unit from queue | 1 | |
| Right click | 104 | |
| Select / deselect | 202 | |
| Select group hotkey | 178 | |
| Use ability | 80 | |
754 total
» units
| Wisp | 30 | |
| Huntress | 23 | |
| Peasant | 14 | |
| Troll Headhunter/Berserker | 9 | |
| Siege Engine | 4 | |
80 total
» upgrades
| Strength of the Moon | 2 | |
| Moon Armor | 2 | |
| Strength of the Wild | 2 | |
| Reinforced Hides | 2 | |
| Gunpowder | 1 | |
| Plating | 1 | |
| Barrage | 1 | |
11 total
» buildings
| Altar of Elders | 1 | |
| Moon Well | 7 | |
| Hunter's Hall | 1 | |
| Ancient of War | 1 | |
| Ancient Protector | 2 | |
| Ancient of Wonders | 1 | |
| Stronghold | 1 | |
| Tree of Ages | 1 | |
| Keep | 1 | |
| Barracks | 1 | |
| Farm | 11 | |
| Arcane Vault | 1 | |
| Blacksmith | 1 | |
| Castle | 1 | |
| Tree of Eternity | 1 | |
| Ancient of Wind | 1 | |
| Workshop | 3 | |
| Chimaera Roost | 2 | |
38 total
» build order
00:18 Altar of Elders
00:24 Moon Well
00:45 Moon Well
01:24 Moon Well
02:00 Hunter's Hall
02:17 Ancient of War
02:34 Moon Well
05:10 Ancient Protector
08:11 Moon Well
08:14 Moon Well
08:30 Ancient of Wonders
09:05 Moon Well
10:22 Stronghold
12:14 Tree of Ages
12:19 Keep
12:26 Barracks
12:30 Farm
12:36 Farm
13:20 Ancient Protector
13:27 Farm
13:29 Farm
13:34 Farm
14:34 Arcane Vault
14:42 Blacksmith
14:44 Castle
14:46 Tree of Eternity
14:54 Farm
15:26 Ancient of Wind
15:47 Workshop
15:48 Workshop
15:52 Workshop
16:00 Farm
17:00 Farm
17:02 Farm
17:07 Farm
17:47 Farm
18:10 Chimaera Roost
18:12 Chimaera Roost
bluntheadzbbt (
orange | 49 APM | 325 actions | 06:39)
» actions
| Build / train | 24 | |
| Enter build submenu | 26 | |
| Remove unit from queue | 2 | |
| Right click | 140 | |
| Select / deselect | 103 | |
| Use ability | 30 | |
325 total
» units
» upgrades
» buildings
| Lumber Mill | 1 | |
| Farm | 3 | |
| Scout Tower | 17 | |
| Guard Tower | 9 | |
| Altar of Kings | 1 | |
31 total
» build order
00:05 Lumber Mill
00:24 Farm
00:29 Farm
00:55 Scout Tower
00:59 Scout Tower
01:18 Guard Tower
01:30 Guard Tower
01:34 Scout Tower
01:55 Scout Tower
01:56 Guard Tower
02:05 Scout Tower
02:11 Scout Tower
02:15 Guard Tower
02:34 Guard Tower
02:58 Scout Tower
03:00 Scout Tower
03:04 Scout Tower
03:12 Guard Tower
03:30 Altar of Kings
03:35 Guard Tower
03:40 Scout Tower
03:43 Scout Tower
03:46 Guard Tower
05:00 Farm
05:23 Scout Tower
05:25 Scout Tower
05:28 Guard Tower
05:34 Scout Tower
05:35 Scout Tower
05:40 Scout Tower
05:41 Scout Tower
05:46 Guard Tower
baygon_mata_tud (
red | 21 APM | 210 actions | 10:08)
1 Blademaster
1 Wind Walk
» actions
| Build / train | 15 | |
| Enter build submenu | 20 | |
| Enter hero's abilities submenu | 1 | |
| Remove unit from queue | 1 | |
| Right click | 102 | |
| Select / deselect | 54 | |
| Use ability | 17 | |
210 total
» units
» buildings
| War Mill | 1 | |
| Altar of Storms | 1 | |
| Orc Burrow | 2 | |
| Watch Tower | 5 | |
| Scout Tower | 2 | |
| Barracks | 5 | |
| Guard Tower | 1 | |
17 total
» build order
00:29 War Mill
00:41 Altar of Storms
01:13 Orc Burrow
05:11 Watch Tower
06:03 Watch Tower
06:54 Watch Tower
07:21 Scout Tower
07:27 Watch Tower
07:37 Barracks
08:00 Barracks
08:05 Orc Burrow
08:13 Barracks
08:22 Barracks
08:45 Guard Tower
08:51 Barracks
09:19 Watch Tower
09:26 Scout Tower
team 2 (winner)
i-killed-mordin (
teal | 60 APM | 1856 actions | 31:05)
6 Dark Ranger
3 Black Arrow
2 Silence
1 Charm
» actions
| Assign group hotkey | 19 | |
| Basic commands | 171 | |
| Build / train | 61 | |
| Enter build submenu | 26 | |
| Enter hero's abilities submenu | 6 | |
| Right click | 681 | |
| Select / deselect | 228 | |
| Select group hotkey | 604 | |
| Use ability | 60 | |
1856 total
» units
| Peon | 21 | |
| Grunt | 3 | |
| Wind Rider | 7 | |
| Goblin Shredder | 3 | |
| Goblin Sapper | 3 | |
37 total
» upgrades
| Ranged Weapons | 3 | |
| Envenomed Spears | 1 | |
| Reinforced Defenses | 1 | |
| Armor | 2 | |
| Shaman Training | 2 | |
| Witch Doctor Training | 1 | |
10 total
» buildings
| Barracks | 1 | |
| Orc Burrow | 8 | |
| Altar of Storms | 1 | |
| Voodoo Lounge | 1 | |
| Stronghold | 1 | |
| War Mill | 1 | |
| Beastiary | 3 | |
| Fortress | 1 | |
| Watch Tower | 16 | |
| Great Hall | 3 | |
| Spirit Lodge | 1 | |
37 total
» build order
00:10 Barracks
00:21 Orc Burrow
00:53 Altar of Storms
01:35 Orc Burrow
01:56 Voodoo Lounge
03:14 Stronghold
03:39 War Mill
04:01 Orc Burrow
04:12 Orc Burrow
06:22 Beastiary
06:27 Beastiary
07:36 Fortress
08:26 Orc Burrow
10:24 Watch Tower
10:25 Watch Tower
10:26 Watch Tower
11:48 Watch Tower
11:49 Watch Tower
11:49 Watch Tower
12:26 Orc Burrow
13:12 Great Hall
16:10 Great Hall
16:25 Watch Tower
17:00 Watch Tower
17:01 Watch Tower
17:01 Watch Tower
17:02 Watch Tower
17:03 Watch Tower
17:38 Great Hall
18:01 Watch Tower
18:03 Watch Tower
18:18 Watch Tower
18:18 Watch Tower
18:49 Spirit Lodge
20:20 Beastiary
20:38 Orc Burrow
20:39 Orc Burrow
» items
| Healing Salve | 2 | |
| Scroll of Town Portal | 3 | |
5 total

»
pie22 (
green | 25 APM | 674 actions | 27:01)
5 Death Knight
3 Unholy Aura
2 Death Coil
» actions
| Basic commands | 43 | |
| Build / train | 51 | |
| Enter build submenu | 23 | |
| Enter hero's abilities submenu | 5 | |
| Remove unit from queue | 2 | |
| Right click | 235 | |
| Select / deselect | 281 | |
| Use ability | 34 | |
674 total
» units
| Acolyte | 2 | |
| Ghoul | 11 | |
| Crypt Fiend | 13 | |
| Meatwagon | 2 | |
28 total
» upgrades
| Web | 1 | |
| Burrow | 1 | |
| Creature Attack | 2 | |
| Creature Carapace | 3 | |
7 total
» buildings
| Ziggurat | 11 | |
| Altar of Darkness | 1 | |
| Crypt | 2 | |
| Graveyard | 1 | |
| Spirit Tower | 7 | |
| Halls of the Dead | 1 | |
| Slaughterhouse | 1 | |
24 total
» build order
00:12 Ziggurat
00:18 Altar of Darkness
00:38 Crypt
01:04 Ziggurat
02:08 Graveyard
02:37 Crypt
02:53 Ziggurat
03:32 Spirit Tower
03:34 Spirit Tower
03:45 Spirit Tower
04:31 Ziggurat
04:38 Ziggurat
04:41 Ziggurat
04:44 Ziggurat
05:33 Spirit Tower
05:34 Spirit Tower
05:48 Halls of the Dead
07:38 Ziggurat
08:12 Slaughterhouse
10:37 Spirit Tower
17:03 Ziggurat
17:10 Ziggurat
17:15 Ziggurat
22:15 Spirit Tower

»
sk8er1990420 (
purple | 24 APM | 530 actions | 22:23)
4 Paladin
1 Holy Light
2 Divine Shield
1 Devotion Aura
» actions
| Assign group hotkey | 8 | |
| Basic commands | 22 | |
| Build / train | 30 | |
| Enter build submenu | 16 | |
| Enter hero's abilities submenu | 4 | |
| Right click | 300 | |
| Select / deselect | 103 | |
| Select group hotkey | 14 | |
| Use ability | 33 | |
530 total
» units
| Peasant | 9 | |
| Footman | 9 | |
| Rifleman | 3 | |
21 total
» upgrades
| Defend | 1 | |
| Lumber Harvesting | 1 | |
2 total
» buildings
| Altar of Kings | 1 | |
| Barracks | 1 | |
| Farm | 6 | |
| Lumber Mill | 1 | |
| Keep | 1 | |
| Blacksmith | 1 | |
| Castle | 1 | |
| Workshop | 3 | |
15 total
» build order
00:45 Altar of Kings
00:54 Barracks
01:00 Farm
01:07 Farm
02:38 Farm
03:54 Farm
04:02 Lumber Mill
05:24 Farm
06:30 Keep
07:10 Blacksmith
08:52 Castle
09:40 Farm
11:31 Workshop
11:37 Workshop
12:12 Workshop
lIIllIIlIlIlIlI (
yellow | 57 APM | 1775 actions | 31:03)
3 Archmage
1 Blizzard
2 Brilliance Aura
2 Paladin
1 Holy Light
1 Divine Shield
» actions
| Assign group hotkey | 20 | |
| Basic commands | 33 | |
| Build / train | 51 | |
| ESC pressed | 12 | |
| Enter build submenu | 29 | |
| Enter hero's abilities submenu | 5 | |
| Right click | 675 | |
| Select / deselect | 235 | |
| Select group hotkey | 655 | |
| Use ability | 60 | |
1775 total
» units
| Peasant | 22 | |
| Footman | 6 | |
| Gryphon Rider | 2 | |
30 total
» upgrades
| Defend | 1 | |
| Swords | 1 | |
| Lumber Harvesting | 2 | |
| Masonry | 1 | |
5 total
» buildings
| Barracks | 1 | |
| Farm | 9 | |
| Altar of Kings | 2 | |
| Scout Tower | 5 | |
| Arcane Tower | 1 | |
| Arcane Vault | 1 | |
| Lumber Mill | 1 | |
| Keep | 1 | |
| Guard Tower | 3 | |
| Blacksmith | 1 | |
| Castle | 1 | |
| Gryphon Aviary | 6 | |
| Workshop | 3 | |
35 total
» build order
00:22 Barracks
00:29 Farm
00:49 Altar of Kings
01:09 Farm
01:49 Farm
01:52 Scout Tower
02:21 Arcane Tower
02:31 Farm
03:18 Arcane Vault
04:31 Scout Tower
04:34 Lumber Mill
05:01 Farm
06:07 Keep
06:08 Guard Tower
06:09 Blacksmith
08:11 Farm
08:33 Castle
08:36 Farm
08:39 Gryphon Aviary
08:41 Gryphon Aviary
11:36 Gryphon Aviary
11:38 Gryphon Aviary
11:41 Gryphon Aviary
12:18 Altar of Kings
12:23 Farm
12:42 Scout Tower
12:44 Scout Tower
12:47 Scout Tower
12:52 Gryphon Aviary
13:27 Guard Tower
19:38 Workshop
19:40 Workshop
19:41 Workshop
19:43 Guard Tower
19:55 Farm
» items
Chat log
(00:53 / Allies) pie22: goin fiends
(02:52 / Allies) lIIllIIlIlIlIlI: who wants a surprise?
(04:05 / Allies) i-killed-mordin: lets help it
(04:06 / Allies) i-killed-mordin: purp
(04:47 / Allies) lIIllIIlIlIlIlI: dont rush towers idiot
(07:39 / Allies) i-killed-mordin: wood
(08:12 / All) Militia.Men: fucking god
(08:18 / All) Militia.Men: creeps halfway killed all my troops
(10:08 / Allies) lIIllIIlIlIlIlI: stop going for farms
(11:11 / All) Militia.Men: how'd my am die lozl
(12:09 / Allies) i-killed-mordin: gold
(12:10 / Allies) i-killed-mordin: pllz
(12:23 / Allies) sk8er1990420: wdf
(12:26 / Allies) sk8er1990420: you idiot
(12:29 / Allies) i-killed-mordin: gold purple
(12:53 / Allies) sk8er1990420: stop killing my shit
(12:57 / Allies) i-killed-mordin: gold
(12:57 / Allies) i-killed-mordin: now
(12:59 / Allies) i-killed-mordin: and ill stop
(13:02 / Allies) sk8er1990420: fuck you nigger
(13:33 / Allies) lIIllIIlIlIlIlI: having fun fag?
(14:30 / Allies) i-killed-mordin: gold
(14:32 / Allies) i-killed-mordin: now purp
(14:41 / Allies) lIIllIIlIlIlIlI: stfu nigger
(14:43 / Allies) sk8er1990420: no ill just watch tv
(14:48 / Allies) lIIllIIlIlIlIlI: me2
(14:49 / Allies) sk8er1990420: fuck you im done playing
(15:00 / Allies) lIIllIIlIlIlIlI: yea let him work for our win brb
(15:09 / Allies) i-killed-mordin: i have a friend on other team lalw
(15:11 / Allies) i-killed-mordin: i decide who wins
(15:12 / Allies) i-killed-mordin: and loses
(15:23 / All) sk8er1990420: END IT PLEASE WE GIVE UP TEAL IS A NIGGER
(15:31 / All) Militia.Men: dragged my tp
(15:34 / All) sk8er1990420: come destroy wont resist
(16:32 / Allies) i-killed-mordin: we got this
(16:33 / Allies) i-killed-mordin: green
(17:09 / Allies) i-killed-mordin: gold
(17:10 / Allies) i-killed-mordin: plz
(17:10 / Allies) i-killed-mordin: green
(17:39 / Allies) sk8er1990420: LOL
(20:11 / All) lIIllIIlIlIlIlI: hi pussy
(20:25 / All) i-killed-mordin: yea i see u yellow
(20:30 / Allies) lIIllIIlIlIlIlI: qq
(20:32 / All) sk8er1990420: teal stop being a fag
(20:39 / Allies) lIIllIIlIlIlIlI: its ok
(20:43 / Allies) lIIllIIlIlIlIlI: i got 4k gold
(20:45 / All) Militia.Men: leave you guys suck
(20:54 / All) lIIllIIlIlIlIlI: teal nub
(20:57 / All) Militia.Men: u
(20:58 / All) sk8er1990420: end it this you two homoes can go suck each other off
(21:02 / All) lIIllIIlIlIlIlI: he cant micro
(21:08 / All) Militia.Men: neither can your mother
(21:15 / All) Militia.Men: She's still a good lay
(21:21 / All) sk8er1990420: pink must be the other faggot
(21:25 / All) lIIllIIlIlIlIlI: u mad?
(21:25 / All) i-killed-mordin: i didnt lose one unit
(21:26 / All) i-killed-mordin: this game
(21:29 / All) sk8er1990420: he is probably the catcher
(21:31 / All) Militia.Men: I'm straight thanks for asking
(21:34 / All) sk8er1990420: that stupid cunt
(21:37 / All) Militia.Men: It's flattering that you love me so much
(21:39 / All) sk8er1990420: he looks like a catcher
(21:40 / All) lIIllIIlIlIlIlI: spambot? sure
(23:59 / All) i-killed-mordin: lawl
(24:02 / All) i-killed-mordin: yellow is spamming me
(24:05 / All) Militia.Men: getting cry more spam
(24:10 / All) i-killed-mordin: yellow u do realize pink is my brother
(24:29 / All) i-killed-mordin: he is spam whispering me
(24:40 / All) Militia.Men: me too
(24:43 / All) Militia.Men: "crymorecrymore"
(24:45 / All) Militia.Men: wwwwW
(25:36 / All) i-killed-mordin: say that in all chat
(25:38 / All) i-killed-mordin: yellow
(25:40 / All) Militia.Men: green raped
(25:54 / All) i-killed-mordin: i like green
(25:56 / All) i-killed-mordin: he was nice
(26:02 / All) Militia.Men: He has been raped
(26:29 / All) i-killed-mordin: rod just pissed me off
(26:31 / All) i-killed-mordin: he is avoiding us
(26:42 / All) Militia.Men: lozl
(27:03 / All) lIIllIIlIlIlIlI: shit u geeks still here?
(27:13 / All) Militia.Men: shit you still here geek yellow?
(27:33 / All) lIIllIIlIlIlIlI: im married, while u2 are geeks on bnet saturday night
(27:36 / All) i-killed-mordin: there are many IIIIIIIII players, i wonder if hes the one teelo was referring to
(27:42 / All) Militia.Men: I just got off work faggot
(27:43 / All) lIIllIIlIlIlIlI: b/c u have no girlfriends
(27:47 / All) lIIllIIlIlIlIlI: sure loser
(27:57 / All) lIIllIIlIlIlIlI: youre a virgin just admit it
(28:02 / All) Militia.Men: You're probably married to the incredible blob
(28:04 / All) lIIllIIlIlIlIlI: this is the highlight of your sat night
(28:06 / All) Militia.Men: that's nothing to brag about
(28:11 / All) Militia.Men: Yeah lol
(28:15 / All) Militia.Men: that's why you have a spam bot
(28:19 / All) lIIllIIlIlIlIlI: we are both atheletes so shes hot
(28:20 / All) Militia.Men: you're so cool
(28:28 / All) lIIllIIlIlIlIlI: its jus a program
(28:34 / All) lIIllIIlIlIlIlI: whats the big deal
(28:36 / All) Militia.Men: I was speaking reality not fantasy tales
(28:42 / All) lIIllIIlIlIlIlI: while youre a geek on bnet on sat night
(28:45 / All) lIIllIIlIlIlIlI: thats sad
(28:47 / All) Militia.Men: This is just a video game wha'ts the big deal
(28:55 / All) lIIllIIlIlIlIlI: im just pointing it out
(28:55 / All) Militia.Men: why are you crying over getting raped on it?
(28:57 / All) lIIllIIlIlIlIlI: to insult u
(29:08 / All) Militia.Men: Why are you so upset over a video game?
(29:11 / All) lIIllIIlIlIlIlI: that's the truth
(29:19 / All) lIIllIIlIlIlIlI: i stab all the time so why would it bother me
(29:24 / All) Militia.Men: Then why spam lol
(29:31 / All) Militia.Men: you're good at tall tales
(29:31 / All) lIIllIIlIlIlIlI: i'm putting u down for being her on sat night
(29:34 / All) Militia.Men: not really
(29:39 / All) Militia.Men: k
(30:01 / All) lIIllIIlIlIlIlI: youre a loser & a virgin just admit it
(30:17 / All) Militia.Men: You're a greek god with an athlete wife
(30:19 / All) lIIllIIlIlIlIlI: youre both losers with no girls
(30:23 / All) Militia.Men: Hence why you cry over a video game
(30:31 / All) lIIllIIlIlIlIlI: how am i crying?
(30:32 / All) Militia.Men: you're self-projecting
(30:36 / All) i-killed-mordin: i romanced miranda on mass effect 3
(30:37 / All) Militia.Men: and building a fantasy
(30:37 / All) i-killed-mordin: i got a girl
(30:45 / All) lIIllIIlIlIlIlI: did i hit a nerve?
(30:46 / All) Militia.Men: you just sent me heaps of spam
(30:46 / All) Militia.Men: lol
(30:56 / All) lIIllIIlIlIlIlI: that's just a program
(31:00 / All) lIIllIIlIlIlIlI: whats the big deal?